 Dungeon Crawl Stone Soup version 0.30-a0-568-g124715a40b (webtiles) character file.

Game seed: 2193188328824419299

111 drugrobin the Sneak (level 4, -5/38 HPs)
             Began as a Demigod Delver on Dec 29, 2022.
             Killed from afar by a white imp (7 damage)
             ... with a puff of frost
             ... on level 3 of the Dungeon.
             The game lasted 00:09:15 (2469 turns).

drugrobin the Sneak (Demigod Delver)                Turns: 2469, Time: 00:09:16

Health: -5/38      AC:  6    Str: 17    XL:     4   Next: 36%
Magic:  6/6        EV: 10    Int: 11    God:
Gold:   222        SH:  5    Dex: 18    Spells: 3/3 levels left

rFire   + . .      SeeInvis .    a - +1 dagger (drain)
rCold   . . .      Faith    .    (no shield)
rNeg    . . .      Spirit   .    t - +0 scale mail
rPois   .          Reflect  +    (no helmet)
rElec   .          Harm     .    (no cloak)
rCorr   .          Rampage  .    (no gloves)
Will    .....                    (no boots)
Stlth   ++                       q - amulet of reflection
HPRegen 0.26/turn                j - ring of protection from fire
MPRegen 0.10/turn                (no ring)

@: flying
A: high MP 1, forlorn, divine attributes, hooves 1, strong 1
a: no special abilities


You were on level 3 of the Dungeon.
You visited 1 branch of the dungeon, and saw 5 of its levels.

You collected 222 gold pieces.

Inventory:

Hand Weapons
 a - a +1 dagger of draining (weapon)
 b - a +0 spear of pain
 c - a +0 falchion
 d - a +0 sling
Missiles
 i - 19 stones (quivered)
 l - 2 throwing nets
 s - 11 poisoned darts
Armour
 o - a +0 leather armour
 t - a +0 scale mail (worn)
Jewellery
 j - a ring of protection from fire (left hand)
 q - an amulet of reflection (around neck)
 A - a ring of fire
Wands
 g - a wand of digging (3)
Scrolls
 e - 2 scrolls of fear
 k - a scroll of fog
 m - a scroll of magic mapping
 p - 2 scrolls of brand weapon {unknown}
 r - a scroll of amnesia {unknown}
 v - a scroll of torment {unknown}
 w - a scroll of identify {unknown}
 x - 2 scrolls of teleportation {unknown}
 y - 2 scrolls of immolation {unknown}
 B - 4 scrolls of enchant weapon {unknown}
 C - a scroll of silence {unknown}
 D - a scroll of blinking {unknown}
Potions
 f - a potion of haste
 n - a potion of magic
 z - a potion of curing {unknown}
 E - a potion of might {unknown}
 F - a potion of heal wounds {unknown}


   Skills:
 - Level 3.1 Fighting
 * Level 3.2 Long Blades
 - Level 2.2 Polearms
 - Level 1.7 Dodging
 - Level 4.5 Stealth


You had 3 spell levels left.
You didn't know any spells.
Your spell library was empty.

Dungeon Overview and Level Annotations

Branches:
Dungeon (5/15)
 Temple: D:4-7

Shops:
D:2 :   D:4 ([**

Annotations:
D:3 Terence
D:5 Grinder, Menkaure


Innate Abilities, Weirdness & Mutations

You have an increased reservoir of magic. (+10% MP)
You shall have no god before yourself.
Your divine heritage dramatically boosts your attributes as you level up.
You have large cloven feet.
Your muscles are strong. (Str +4, Int/Dex -1)


Message History

Unknown command.
The white imp gestures at you. The puff of frost hits you!
You enter the shallow water.
Moving in this stuff is going to be slow. 2 jackals come into view.
There is an open door here.
Unknown command.
Unknown command.
The white imp gestures at you. The puff of frost hits you!
There is an open door here.
The white imp gestures at you. The puff of frost hits you.
You hit the white imp.
The white imp is lightly wounded.
The white imp puffs mist at you. The white imp gestures at you.
The puff of frost hits you!
* * * LOW HITPOINT WARNING * * *
You hit the white imp but do no damage.
The white imp is lightly wounded.
The white imp hits you.
* * * LOW HITPOINT WARNING * * *
The white imp freezes you.
* * * LOW HITPOINT WARNING * * *
Unknown command.
It was a potion of magic.
Magic courses through your body.
The white imp hits you but does no damage.
It was a potion of mutation.
You feel extremely strange.
You feel stronger.
Your feet thicken and deform.
The white imp closely misses you.
Unknown command.
Unknown command.
It was a potion of flight.
You feel very buoyant.
You fly up into the air.
The white imp gestures at you. The puff of frost hits you!
You die...

.h... h.. .# ... .# #.#
##)# #.# ...# #.# ~~~#####
##'## ~P~~~... ##...##
~♣~~~~.### ##@....##
P~~~♣P~~~######5......#
~~~~~♣~~...~...........#
..~~P~♣~~~P~~'.........'.
.###~~♣~♣~~~~#.........###
.##..P~♣♣~~~~##.......##
.##~~~♣≈≈~~P.###.....##
.#~.5~≈♣♣~P.~####...##
.~~~♣♣≈~~~..... #'##


You could see a white imp.

Vanquished Creatures
  5 adders
  2 dart slugs
  An orc (D:4)
  4 ball pythons
  5 bats
  7 endoplasms
  2 giant cockroaches
  7 goblins
  8 hobgoblins
  4 kobolds
  A quokka (D:1)
  A frilled lizard (D:1)
  10 rats
57 creatures vanquished.

Vanquished Creatures (others)
  45 plants (D:3)
45 creatures vanquished.

Grand Total: 102 creatures vanquished

Notes
Turn   | Place    | Note
-------+----------+-------------------------------------------
     0 | D:5      | drugrobin the Demigod Delver began the quest for the Orb.
     0 | D:5      | Reached XP level 1. HP: 18/18 MP: 3/3
    20 | D:5      | Noticed Grinder
    71 | D:5      | Noticed Menkaure
   178 | D:4      | Found Urir's Armour Emporium.
   180 | D:4      | Found Guonugoz's Assorted Antiques.
   180 | D:4      | Found Ynav's Weapon Emporium.
   180 | D:4      | Found Axkeph's General Store.
   338 | D:1      | Reached XP level 2. HP: 25/26 MP: 4/4
   509 | D:1      | Reached skill level 1 in Long Blades
   994 | D:1      | Reached XP level 3. HP: 31/31 MP: 5/5
  1507 | D:2      | Found Qavvill's Book Boutique.
  1652 | D:2      | Reached XP level 4. HP: 38/38 MP: 6/6
  2047 | D:3      | Noticed Terence
  2468 | D:3      | Gained mutation: Your muscles are strong. (Str +4, Int/Dex
                  | -1) [potion of mutation]
  2468 | D:3      | Gained mutation: You have large cloven feet. [potion of
                  | mutation]
  2469 | D:3      | Killed from afar by a white imp

Illustrated notes

Levels and vault maps discovered:
D:1:      minmay_arrival_three_doors, layout_basic,
          ebering_ecumenical_altar_sacrificial, minmay_small_reverse_x
D:2:      layout_rooms, serial_shops, shop
D:3:      layout_loops_corners, serial_bayou, serial_bayou_pond_d,
          serial_bayou_pond_e, serial_bayou_crossing, serial_bayou_lagoon_a,
          grunt_ministairs_15, uniq_terence
D:4:      layout_basic, serial_undead, serial_undead_b, serial_undead_c,
          serial_undead_c, serial_undead_a, minmay_shop_grid_forest,
          kennysheep_generic_room_10
D:5:      layout_rooms, minmay_temple_entry_mist, minmay_misc_feat_rows,
          nicolae_shop_overcharged_wands, uniq_grinder, uniq_menkaure

Skill      XL: |  1  2  3  4 |
---------------+-------------+-----
Polearms       | 2 |  2.2
Fighting       | 3 |  3.1
Long Blades    | 1 2 3 |  3.2
Dodging        | |  1.7
Stealth        | |  4.5

Action                   |  1- 3 |  4- 6 || total
-------------------------+-------+-------++-------
Melee: Spear             |    39 |       ||    39
       Punch             |     1 |       ||     1
       Dagger            |    76 |    33 ||   109
  Use: Potion            |       |     3 ||     3
 Stab: Sleeping          |     8 |     1 ||     9
Armor: Leather armour    |    10 |       ||    10
       Scale mail        |    12 |    14 ||    26
Dodge: Dodged            |    40 |    14 ||    54
Block: Other             |    13 |     6 ||    19

Table legend: (Time is in decaauts)
 A = Elapsed time spent in this place.
 B = Non-inter-level travel time spent in this place.
 C = Inter-level travel time spent in this place.
 D = Time resting spent in this place.
 E = Time spent auto-exploring this place.
 F = Levels seen in this place.
 G = Mean time per level.
                   A        B        C        D        E       F      G
               +--------+--------+--------+--------+--------+-----+--------+
         Total |   2486 |   2432 |     54 |     47 |   1676 |   5 |  497.2 |
       Dungeon |   2486 |   2432 |     54 |     47 |   1676 |   5 |  497.2 |
               +--------+--------+--------+--------+--------+-----+--------+

Top non-repeatable levels by time:
     D:1: 928 daAuts
     D:3: 842 daAuts
     D:2: 467 daAuts
     D:4: 154 daAuts
     D:5: 94 daAuts
